 Dungeon Crawl Stone Soup version 0.19-a0-1856-g32653aa (webtiles) character file.

52 tyvek the Insei (level 3, 0/28 HPs)
             Began as a Draconian Transmuter on Oct 11, 2016.
             Slain by an adder (1 damage)
             ... on level 2 of the Dungeon.
             The game lasted 00:02:52 (1475 turns).

tyvek the Insei (Draconian Transmuter)              Turns: 1475, Time: 00:02:53

Health: 0/28       AC:  5    Str: 12    XL:     3   Next: 60%
Magic:  6/6        EV: 12    Int: 13    God:
Gold:   36         SH:  0    Dex: 12    Spells: 2 memorised, 3 levels left

rFire  . . .     SeeInvis .       - Unarmed
rCold  . . .     Gourm    .     (armour unavailable)
rNeg   . . .     Faith    .     (no shield)
rPois  .         Spirit   .     (helmet restricted)
rElec  .         Dismiss  .     (no cloak)
rCorr  .         Reflect  .     (no gloves)
MR     .....     Harm     .     (no boots)
Stlth  +.........               (no amulet)
                                (no ring)
                                (no ring)

@: lethally poisoned (0 -> -4)
A: unfitting armour, cold-blooded, AC +5
a: no special abilities


You were on level 2 of the Dungeon.
You were not hungry.

You visited 1 branch of the dungeon, and saw 2 of its levels.

You collected 36 gold pieces.


Innate Abilities, Weirdness & Mutations

Your plain brown scales are hard. (AC +5)
You cannot fit into any form of body armour.
You are cold-blooded and may be slowed by cold attacks.


   Skills:
 - Level 1.1 Fighting
 - Level 1.7 Dodging
 * Level 4.6 Unarmed Combat
 - Level 2.0 Spellcasting
 - Level 2.0 Transmutations


You had 3 spell levels left.
You knew the following spells:

 Your Spells              Type           Power        Failure   Level  Hunger
t - Sticks to Snakes      Tmut           #.......     17%         2    ###....
z - Beastly Appendage     Tmut           #.....       12%         1    ##.....

Inventory:

Missiles
 a - 12 arrows
Magical Staves
 i - an uncursed staff of cold {unknown}
Scrolls
 f - a scroll of magic mapping {unknown}
 h - a scroll of identify {unknown}
Potions
 d - a potion of heal wounds {unknown}
 e - a potion of curing {unknown}
Books
 b - a book of Changes

   Spells                             Type                      Level
   a - Beastly Appendage              Transmutation                1
   b - Sticks to Snakes               Transmutation                2
   c - Spider Form                    Transmutation/Poison         3
   d - Ice Form                       Ice/Transmutation            4
   e - Blade Hands                    Transmutation                5
Comestibles
 c - 2 bread rations {@e1}
 g - a chunk of flesh

Dungeon Overview and Level Annotations

Branches:
Dungeon (2/15)

Altars:

.# . # #. #.#. #### #.... ..#
#..##(##.# #....@S..#
....##.##### . # #K# #..#.
#### #.# #.... ..####.####
###....###.##......# ########
.......##.##.#.##.# #......#
..............##.## #.####.##
#..#.##.##.#.....#####.##.....


You could see an adder and a kobold.


Message History

You hit the adder but do no damage.
The adder is heavily wounded.
The kobold throws a stone.
The stone closely misses you. The adder bites you but does no damage.
You hit the adder but do no damage.
The adder is heavily wounded.
* * * LOW HITPOINT WARNING * * *
You feel sick.
The kobold throws a stone.
The stone hits you but does no damage. The adder misses you.
You completely miss the adder.
The adder is heavily wounded.
* * * LOW HITPOINT WARNING * * *
You feel sick. The adder bites you.
* * * LOW HITPOINT WARNING * * *
You miss the adder.
The adder is heavily wounded.
The adder bites you.
* * * LOW HITPOINT WARNING * * *
The adder closely misses you.
You closely miss the adder. Your punch misses the adder.
The adder is heavily wounded.
* * * LOW HITPOINT WARNING * * *
You feel sick. The adder barely misses you.
You miss the adder.
The adder is heavily wounded.
The adder barely misses you.
You hit the adder but do no damage. You punch the adder.
The adder is severely wounded.
The adder bites you.
You die...

Skill      XL: |  1  2 |
---------------+-------+-----
Unarmed Combat | 4 |  4.6
Fighting       | |  1.1
Dodging        | |  1.7
Spellcasting   | |  2.0
Transmutations | |  2.0

Action                   || total
-------------------------++-------
Melee: Unarmed           ||   144
       Tailslap          ||    11
       Headbutt          ||     3
       Punch             ||     2
       Kick              ||     1
 Cast: Beastly Appendage ||     5
 Abil: End Transformatio ||     1
 Stab: Sleeping          ||     1
  Eat: Chunk             ||     2
Armor: Skin              ||    43
Dodge: Dodged            ||    81

Vault maps used:
D:1:      kennysheep_arrival_forest

Notes
Turn   | Place    | Note
-------+----------+-------------------------------------------
     0 | D:1      | tyvek the Draconian Transmuter began the quest for the Orb.
     0 | D:1      | Reached XP level 1. HP: 16/16 MP: 3/3
   222 | D:1      | Reached XP level 2. HP: 21/23 MP: 5/5
   426 | D:1      | Reached skill level 4 in Unarmed Combat
   441 | D:1      | Reached XP level 3. HP: 15/28 MP: 4/6
  1015 | D:2      | Learned a level 2 spell: Sticks to Snakes
  1472 | D:2      | HP: 2/28 [adder (2)]
  1475 | D:2      | Slain by an adder

Vanquished Creatures
  An adder (D:2)
  A worm (D:1)
  2 dart slugs (D:1)
  A leopard gecko (D:1)
  3 bats (D:1)
  A giant cockroach (D:1)
  3 goblins
  3 hobgoblins
  4 jackals (D:1)
  6 kobolds
  3 frilled lizards
  4 rats (D:1)
32 creatures vanquished.
